TOP OF THE 1ST |
Irving Blue Sox batting - Pitching for Casper Ghosts : RHP Jim Unknown
|
Pitching: RHP Jim Unknown
|
|
Batting: RHB Nathan Boswell
|
0-0: Called Strike 0-1: SINGLE (Line Drive, 89S)
|
Batting: RHB Júlio López
|
0-0: Foul Ball, location: 2F 0-1: Grounds into double play, 1-4-3 (Groundball, 15S)
|
Batting: RHB Stan Barnes
|
0-0: Called Strike 0-1: Foul Ball, location: 2F 0-2: Ball 1-2: Foul Ball, location: 2F 1-2: Ball 2-2: Foul Ball, location: 2F 2-2: Fly out, F3 (Popup, 34)
|
Top of the 1st over - 0 run(s), 1 hit(s), 0 error(s), 0 left on base; Irving 0 - Casper 0 |
BOTTOM OF THE 1ST |
Casper Ghosts batting - Pitching for Irving Blue Sox : LHP Carlos Hernández
|
Pitching: LHP Carlos Hernández
|
|
Batting: RHB Keith Hatch
|
0-0: Ground out 5-3 (Groundball, 5L)
|
Batting: RHB Henry Appleby
|
0-0: Ball 1-0: Ball 2-0: SINGLE (Flyball, 7S)
|
Batting: RHB Rafael Abreu
|
0-0: Ball 1-0: Called Strike 1-1: Foul Ball, location: 2F 1-2: Foul Ball, location: 2F 1-2: Foul Ball, location: 2F 1-2: Grounds into double play, 6-4-3 (Groundball, 6)
|
Bottom of the 1st over - 0 run(s), 1 hit(s), 0 error(s), 0 left on base; Irving 0 - Casper 0 |
TOP OF THE 2ND |
Irving Blue Sox batting - Pitching for Casper Ghosts : RHP Jim Unknown
|
Batting: RHB Jim Unknown
|
0-0: Foul Ball, location: 2F 0-1: Called Strike 0-2: Ball 1-2: Ball 2-2: Ball 3-2: Foul Ball, location: 2F 3-2: Ground out 6-3 (Groundball, 6M)
|
Batting: LHB Kyle James
|
0-0: Called Strike 0-1: Called Strike 0-2: Foul Ball, location: 2F 0-2: Ball 1-2: SINGLE (Groundball, 2R) (infield hit)
|
Batting: RHB Pat Lugo
|
0-0: Ball 1-0: Called Strike 1-1: Fly out, F3 (Popup, 23F)
|
Batting: SHB Ron Peterson
|
0-0: Ball 1-0: Called Strike 1-1: Ball 2-1: SINGLE (Groundball, 34) (infield hit) Kyle James to second
|
Batting: RHB Alfredo Chávez
|
0-0: Ball 1-0: SINGLE (Groundball, 34D) Kyle James to third Ron Peterson to second Runner from 3rd tries for Home, SAFE, throw made at trailing runner, SAFE at third!
|
Batting: RHB Will Hunter
|
0-0: Ball 1-0: Swinging Strike 1-1: Fly out, F8 (Flyball, 8LXD)
|
Top of the 2nd over - 1 run(s), 3 hit(s), 0 error(s), 2 left on base; Irving 1 - Casper 0 |
BOTTOM OF THE 2ND |
Casper Ghosts batting - Pitching for Irving Blue Sox : LHP Carlos Hernández
|
Batting: RHB Austin Henderson
|
0-0: Ground out 6-3 (Groundball, 6M)
|
Batting: RHB Dave Young
|
0-0: Ball 1-0: Foul Ball, location: 2F 1-1: Ball 2-1: Ground out 6-3 (Groundball, 6)
|
Batting: SHB Alonso Rodríguez
|
0-0: Ball 1-0: Called Strike 1-1: Swinging Strike 1-2: Foul Ball, location: 2F 1-2: Foul Ball, location: 2F 1-2: SINGLE (Line Drive, 6D)
|
Batting: LHB Jim Unknown
|
0-0: Called Strike 0-1: Foul Ball, location: 2F 0-2: SINGLE (Groundball, 4MD) Alonso Rodríguez to second Runner from 2nd tries for 3rd, SAFE, throw made to third
|
Batting: SHB José Juárez
|
0-0: Fly out, F5 (Popup, 13)
|
Bottom of the 2nd over - 0 run(s), 2 hit(s), 0 error(s), 2 left on base; Irving 1 - Casper 0 |
TOP OF THE 3RD |
Irving Blue Sox batting - Pitching for Casper Ghosts : RHP Jim Unknown
|
Batting: RHB Nathan Boswell
|
0-0: Called Strike 0-1: Ball 1-1: Foul Ball, location: 2F 1-2: Ball 2-2: DOUBLE (Line Drive, 9LM)
|
Batting: RHB Júlio López
|
0-0: Called Strike 0-1: Swinging Strike 0-2: Ball 1-2: Strikes out swinging
|
Batting: RHB Stan Barnes
|
0-0: Ball 1-0: Swinging Strike 1-1: Foul Ball, location: 2F 1-2: Foul Ball, location: 2F 1-2: Ball 2-2: Foul Ball, location: 2F 2-2: Foul Ball, location: 2F 2-2: Strikes out looking
|
Batting: RHB Jim Unknown
|
0-0: Called Strike 0-1: Foul Ball, location: 2F 0-2: Ball 1-2: Strikes out swinging
|
Top of the 3rd over - 0 run(s), 1 hit(s), 0 error(s), 1 left on base; Irving 1 - Casper 0 |
BOTTOM OF THE 3RD |
Casper Ghosts batting - Pitching for Irving Blue Sox : LHP Carlos Hernández
|
Batting: RHB Phil Baker
|
0-0: Ball 1-0: Foul Ball, location: 2F 1-1: Ground out 6-3 (Groundball, 6MD)
|
Batting: RHB Keith Hatch
|
0-0: Ball 1-0: Ground out 6-3 (Groundball, 6)
|
Batting: RHB Henry Appleby
|
0-0: Ball 1-0: Swinging Strike 1-1: Ball 2-1: Ball 3-1: Foul Ball, location: 2F 3-2: Foul Ball, location: 2F 3-2: Foul Ball, location: 2F 3-2: SINGLE (Flyball, 6MD)
|
Batting: RHB Rafael Abreu
|
0-0: Ball 1-0: Ball 2-0: Ball 3-0: Foul Ball, location: 2F 3-1: Base on Balls Henry Appleby to second
|
Batting: RHB Austin Henderson
|
0-0: Swinging Strike 0-1: 3-RUN HOME RUN (Flyball, 7D), Distance : 388 ft
|
Batting: RHB Dave Young
|
0-0: Called Strike 0-1: Called Strike 0-2: Ball 1-2: Ground out 6-3 (Groundball, 6M)
|
Bottom of the 3rd over - 3 run(s), 2 hit(s), 0 error(s), 0 left on base; Irving 1 - Casper 3 |
TOP OF THE 4TH |
Irving Blue Sox batting - Pitching for Casper Ghosts : RHP Jim Unknown
|
Batting: LHB Kyle James
|
0-0: Ball 1-0: SINGLE (Groundball, 56D)
|
Batting: RHB Pat Lugo
|
0-0: Called Strike 0-1: Ball 1-1: Swinging Strike Pickoff Throw by Catcher to First - Error! E2 Kyle James to second 1-2: Strikes out looking
|
Batting: SHB Ron Peterson
|
0-0: Ball 1-0: Ball 2-0: Foul Ball, location: 2F 2-1: Ball 3-1: Foul Ball, location: 2F 3-2: Hit by Pitch
|
Batting: RHB Alfredo Chávez
|
0-0: Ball 1-0: Called Strike 1-1: Called Strike 1-2: Strikes out swinging
|
Batting: RHB Will Hunter
|
0-0: Ball 1-0: Ball 2-0: Foul Ball, location: 2F 2-1: Foul Ball, location: 2F 2-2: Ball 3-2: Foul Ball, location: 2F 3-2: SINGLE (Groundball, 56D) Kyle James to third Ron Peterson to second Kyle James scores Ron Peterson to third
|
Batting: RHB Nathan Boswell
|
0-0: Called Strike 0-1: Ball 1-1: Foul Ball, location: 2F 1-2: Fly out, F4 (Line Drive, 4)
|
Top of the 4th over - 1 run(s), 2 hit(s), 1 error(s), 2 left on base; Irving 2 - Casper 3 |
BOTTOM OF THE 4TH |
Casper Ghosts batting - Pitching for Irving Blue Sox : LHP Carlos Hernández
|
Batting: SHB Alonso Rodríguez
|
0-0: Called Strike 0-1: Ball 1-1: Ground out 5-3 (Groundball, 5L)
|
Batting: LHB Jim Unknown
|
0-0: Ball 1-0: Swinging Strike 1-1: Ball 2-1: Swinging Strike 2-2: Ball 3-2: Strikes out swinging
|
Batting: SHB José Juárez
|
0-0: Ball 1-0: SINGLE (Groundball, 6MD)
|
Batting: RHB Phil Baker
|
0-0: Ball 1-0: Ball 2-0: Called Strike 2-1: Fly out, F8 (Flyball, 89S)
|
Bottom of the 4th over - 0 run(s), 1 hit(s), 0 error(s), 1 left on base; Irving 2 - Casper 3 |
TOP OF THE 5TH |
Irving Blue Sox batting - Pitching for Casper Ghosts : RHP Jim Unknown
|
Batting: RHB Júlio López
|
0-0: Called Strike 0-1: Ground out 5-3 (Groundball, 56)
|
Batting: RHB Stan Barnes
|
0-0: Called Strike 0-1: Ball 1-1: SINGLE (Line Drive, 89M)
|
Batting: RHB Jim Unknown
|
0-0: Called Strike 0-1: Ball 1-1: Ball 2-1: Called Strike 2-2: Grounds into double play, 6-4-3 (Groundball, 6)
|
Top of the 5th over - 0 run(s), 1 hit(s), 0 error(s), 0 left on base; Irving 2 - Casper 3 |
BOTTOM OF THE 5TH |
Casper Ghosts batting - Pitching for Irving Blue Sox : LHP Carlos Hernández
|
Batting: RHB Keith Hatch
|
0-0: Swinging Strike 0-1: Ball 1-1: Called Strike 1-2: Ball 2-2: Ball 3-2: Fly out, F8 (Flyball, 89M)
|
Batting: RHB Henry Appleby
|
0-0: Ball 1-0: Called Strike 1-1: Ball 2-1: Swinging Strike 2-2: Ball 3-2: SINGLE (Line Drive, 78S)
|
Batting: RHB Rafael Abreu
|
0-0: Ball 1-0: Ball 2-0: Foul Ball, location: 2F 2-1: Foul Ball, location: 2F 2-2: Ball 3-2: Base on Balls Henry Appleby to second
|
Batting: RHB Austin Henderson
|
0-0: Ball 1-0: SINGLE (Line Drive, 4M) Henry Appleby to third Rafael Abreu to second
|
Batting: RHB Dave Young
|
0-0: Ball 1-0: Swinging Strike 1-1: Ball 2-1: Called Strike 2-2: Fly out, F9 (Flyball, 9M)
|
Batting: SHB Alonso Rodríguez
|
0-0: Ball 1-0: Ball 2-0: Fly out, F7 (Flyball, 78M)
|
Bottom of the 5th over - 0 run(s), 2 hit(s), 0 error(s), 3 left on base; Irving 2 - Casper 3 |
TOP OF THE 6TH |
Irving Blue Sox batting - Pitching for Casper Ghosts : RHP Jim Unknown
|
Batting: LHB Kyle James
|
0-0: Called Strike 0-1: DOUBLE (Line Drive, 8LM)
|
Batting: RHB Pat Lugo
|
0-0: Called Strike 0-1: Ball 1-1: Fly out, F3 (Popup, 3L)
|
Batting: SHB Ron Peterson
|
0-0: Ball 1-0: Ball 2-0: Foul Ball, location: 2F 2-1: SINGLE (Line Drive, 78S) Kyle James to third Runner from 3rd tries for Home, SAFE, no throw or cutoff
|
Batting: RHB Alfredo Chávez
|
0-0: Called Strike Pickoff Throw to First - Out! 0-1: Called Strike 0-2: Ball 1-2: Ball 2-2: Fly out, F4 (Popup, 34D)
|
Top of the 6th over - 1 run(s), 2 hit(s), 0 error(s), 0 left on base; Irving 3 - Casper 3 |
BOTTOM OF THE 6TH |
Casper Ghosts batting - Pitching for Irving Blue Sox : LHP Carlos Hernández
|
Batting: LHB Jim Unknown
|
0-0: Ball 1-0: Called Strike 1-1: Called Strike 1-2: Ball 2-2: Fly out, F8 (Popup, 8RS)
|
Batting: SHB José Juárez
|
0-0: Ball 1-0: Ball 2-0: Called Strike 2-1: Foul Ball, location: 2F 2-2: Ball 3-2: Base on Balls
|
Batting: RHB Phil Baker
|
0-0: Fly out, F8 (Line Drive, 8RM)
|
Batting: RHB Keith Hatch
|
0-0: DOUBLE (Groundball, 5D) José Juárez to third
|
Batting: RHB Henry Appleby
|
0-0: Foul Ball, location: 2F 0-1: Ball 1-1: Foul Ball, location: 2F 1-2: Ball 2-2: Foul Ball, location: 2F 2-2: Fly out, F4 (Line Drive, 4)
|
Bottom of the 6th over - 0 run(s), 1 hit(s), 0 error(s), 2 left on base; Irving 3 - Casper 3 |
TOP OF THE 7TH |
Irving Blue Sox batting - Pitching for Casper Ghosts : RHP Jim Unknown
|
Batting: RHB Will Hunter
|
0-0: Ball 1-0: Foul Ball, location: 2F 1-1: Ball 2-1: Ball 3-1: Base on Balls
|
Pitching: LHP Jeffrey Brown
|
|
Batting: RHB Nathan Boswell
|
0-0: Called Strike 0-1: Ball 1-1: Reached on error, E5 (Groundball, 56S) Will Hunter to third
|
Batting: RHB Júlio López
|
0-0: Called Strike 0-1: Fly out, F4 (Popup, 3D)
|
Batting: RHB Stan Barnes
|
0-0: Intentional Walk
|
Batting: RHB Jim Unknown
|
0-0: Ball 1-0: SINGLE (Flyball, 7LS) Will Hunter scores Nathan Boswell to third Stan Barnes to second
|
Pinch Hitting: RHB Robbie Young
|
0-0: Called Strike 0-1: Ball 1-1: Foul Ball, location: 2F 1-2: Ball 2-2: Foul Ball, location: 2F 2-2: Ball 3-2: Grounds into double play, 4-6-3 (Groundball, 4)
|
Top of the 7th over - 1 run(s), 1 hit(s), 1 error(s), 2 left on base; Irving 4 - Casper 3 |
BOTTOM OF THE 7TH |
Casper Ghosts batting - Pitching for Irving Blue Sox : LHP Carlos Hernández
|
Now in CF: Jack MacAsgill
|
|
Batting: RHB Rafael Abreu
|
0-0: Ground out 4-3 (Groundball, 4M)
|
Batting: RHB Austin Henderson
|
0-0: Ball 1-0: Ground out 3-1 (Groundball, 3L)
|
Batting: RHB Dave Young
|
0-0: Ball 1-0: Called Strike 1-1: Called Strike 1-2: Strikes out looking
|
Bottom of the 7th over - 0 run(s), 0 hit(s), 0 error(s), 0 left on base; Irving 4 - Casper 3 |
TOP OF THE 8TH |
Irving Blue Sox batting - Pitching for Casper Ghosts : LHP Jeffrey Brown
|
Batting: RHB Pat Lugo
|
0-0: Foul Ball, location: 2F 0-1: Ball 1-1: Foul Ball, location: 2F 1-2: Strikes out swinging
|
Batting: SHB Ron Peterson
|
0-0: Called Strike 0-1: Ball 1-1: Ball 2-1: Foul Ball, location: 2F 2-2: Ground out 5-3 (Groundball, 56)
|
Batting: RHB Alfredo Chávez
|
0-0: Ball 1-0: Ball 2-0: Ball 3-0: Called Strike 3-1: SINGLE (Flyball, 7S)
|
Batting: RHB Will Hunter
|
0-0: Ball 1-0: Ball 2-0: Ball 3-0: Called Strike 3-1: Base on Balls Alfredo Chávez to second
|
Batting: RHB Nathan Boswell
|
0-0: Called Strike 0-1: Ball 1-1: Ground out 5-3 (Groundball, 5L)
|
Top of the 8th over - 0 run(s), 1 hit(s), 0 error(s), 2 left on base; Irving 4 - Casper 3 |
BOTTOM OF THE 8TH |
Casper Ghosts batting - Pitching for Irving Blue Sox : LHP Carlos Hernández
|
Batting: SHB Alonso Rodríguez
|
0-0: Called Strike 0-1: SOLO HOME RUN (Flyball, 78XD), Distance : 421 ft
|
Pinch Hitting: RHB Warner Robinson
|
0-0: Ball 1-0: Foul Ball, location: 2F 1-1: Ball 2-1: Ball 3-1: Foul Ball, location: 2F 3-2: Foul Ball, location: 2F 3-2: SINGLE (Groundball, 34D)
|
Pitching: RHP Jim Unknown
|
|
Batting: SHB José Juárez
|
0-0: Called Strike 0-1: Ball 1-1: Foul Ball, location: 2F 1-2: SINGLE (Line Drive, 89S) Warner Robinson to second
|
Pinch Runner at 2nd Tim Fowler:
|
|
Batting: RHB Phil Baker
|
0-0: Called Strike 0-1: Ball 1-1: Sac Bunt - play at first, batter OUT! U3 Tim Fowler to third José Juárez to second
|
Batting: RHB Keith Hatch
|
0-0: Intentional Walk
|
Batting: RHB Henry Appleby
|
0-0: Ball 1-0: Called Strike 1-1: Foul Ball, location: 2F 1-2: Ball 2-2: Ball 3-2: Base on Balls Tim Fowler scores José Juárez to third Keith Hatch to second
|
Batting: RHB Rafael Abreu
|
0-0: Ball 1-0: Called Strike 1-1: Called Strike 1-2: Ball 2-2: Grounds into double play, 4-6-3 (Groundball, 4)
|
Bottom of the 8th over - 2 run(s), 3 hit(s), 0 error(s), 2 left on base; Irving 4 - Casper 5 |
TOP OF THE 9TH |
Irving Blue Sox batting - Pitching for Casper Ghosts : LHP Jeffrey Brown
|
Pitching: LHP Jim Unknown
|
|
Now at 2B: Tim Fowler
|
|
Batting: RHB Júlio López
|
0-0: Foul Ball, location: 2F 0-1: SINGLE (Groundball, 6MD)
|
Batting: RHB Stan Barnes
|
0-0: Ball 1-0: Called Strike 1-1: Called Strike 1-2: Ball 2-2: Fly out, F8 (Flyball, 8RD)
|
Batting: RHB Jim Unknown
|
0-0: Ball 1-0: Called Strike 1-1: Fly out, F5 (Line Drive, 56)
|
Batting: SHB Jack MacAsgill
|
0-0: Ball 1-0: Swinging Strike 1-1: Foul Ball, location: 2F 1-2: Strikes out swinging
|
Top of the 9th over - 0 run(s), 1 hit(s), 0 error(s), 1 left on base; Irving 4 - Casper 5 |
|